 Dungeon Crawl Stone Soup version 0.19.0 (webtiles) character file.

82 Bsssss the Sneak (level 4, -4/30 HPs)
             Began as an Octopode Assassin on Nov 2, 2016.
             Slain by Gargoyl's ghost (7 damage)
             ... on level 3 of the Dungeon.
             The game lasted 00:10:29 (2130 turns).

Bsssss the Sneak (Octopode Assassin)                Turns: 2130, Time: 00:10:29

Health: -4/30      AC:  1    Str: 10    XL:     4   Next: 43%
Magic:  4/4        EV: 13    Int: 16    God:
Gold:   130        SH:  0    Dex: 14    Spells: 0 memorised, 3 levels left

rFire  . . .     SeeInvis .     a - +2 dagger
rCold  . . .     Gourm    .     (no shield)
rNeg   . . .     Faith    .     (helmet restricted)
rPois  .         Spirit   .     e - amulet of magic regeneration
rElec  .         Reflect  .     q - +3 ring of intelligence
rCorr  .         Harm     .     (no ring)
MR     .....                    (no ring)
Stlth  ++++......               (no ring)
                                (no ring)
                                (no ring)
                                (no ring)
                                (no ring)

@: no status effects
A: almost no armour, stealthy swim, amphibious, 8 rings, constrict 8, camouflage
1, gelatinous body 1
a: no special abilities


You were on level 3 of the Dungeon.
You were not hungry.

You visited 1 branch of the dungeon, and saw 3 of its levels.

You collected 130 gold pieces.

Inventory:

Hand Weapons
 a - a +2 dagger (weapon)
 b - a +0 blowgun
Missiles
 c - 8 poisoned needles
 d - 2 curare-tipped needles
Armour
 y - a +0 pair of gloves
 C - a +0 cloak
Jewellery
 e - an amulet of magic regeneration (around mantle)
 q - a +3 ring of intelligence (left tentacle)
Scrolls
 i - 6 scrolls of identify {unknown}
 j - a scroll of noise {unknown}
 m - 4 scrolls of amnesia {unknown}
 v - a scroll of recharging {unknown}
 w - a scroll of fog {unknown}
 x - a scroll of immolation {unknown}
 z - a scroll of remove curse {unknown}
 B - a scroll of blinking {unknown}
Potions
 h - a potion of haste {unknown}
 l - a potion of agility {unknown}
 o - a potion of ambrosia {unknown}
 p - 3 potions of degeneration {unknown}
 r - a potion of lignification {unknown}
 s - a potion of berserk rage {unknown}
 t - a potion of resistance {unknown}
 u - a potion of flight {unknown}
 A - a potion of brilliance {unknown}
Comestibles
 f - 2 bread rations
 g - 3 chunks of flesh
 k - a meat ration
 n - 5 fruits


   Skills:
 + Level 2.6 Fighting
 + Level 2.4 Short Blades
 + Level 2.8 Throwing
 + Level 1.8 Dodging
 * Level 6.1 Stealth


You had 3 spell levels left.
You didn't know any spells.

Dungeon Overview and Level Annotations

Branches:
Dungeon (3/15)

Altars:
Hepliaklqana
Kikubaaqudgha
Uskayaw

Annotations:
D:3 Gargoyl's ghost, amateur DsAK


Innate Abilities, Weirdness & Mutations

You cannot wear most types of armour.
You are very stealthy in the water. (Stealth+)
You are amphibious.
You can wear up to eight rings at the same time.
You can use your tentacles to constrict eight enemies at once.
Your skin changes colour to match your surroundings (Stealth+).
Your rubbery body absorbs attacks. (AC +1, EV +1)


Message History

You squeeze Gargoyl's ghost, but do no damage.
Gargoyl's ghost is severely damaged.
Gargoyl's ghost closely misses you.
You hit Gargoyl's ghost but do no damage.
You squeeze Gargoyl's ghost.
Gargoyl's ghost is severely damaged.
Gargoyl's ghost closely misses you.
You hit Gargoyl's ghost.
Gargoyl's ghost is almost destroyed.
You hit Gargoyl's ghost but do no damage.
Gargoyl's ghost is almost destroyed.
Gargoyl's ghost hits you!
You hit Gargoyl's ghost but do no damage.
Gargoyl's ghost is almost destroyed.
Gargoyl's ghost hits you!
* * * LOW HITPOINT WARNING * * *
You hit Gargoyl's ghost.
Gargoyl's ghost is almost destroyed.
Gargoyl's ghost hits you!
You die...

......W.........#..##.#....#.#...
................##.##.#..#.#.####
..####...................#.#.#
### #.................### #
#.................#
#.......).........#
##................#
#.###<###.W......# #.# ###
#.@......# #.### #.....)..# #...#
###.....## ###.### #.)..>#######
####...#####.).........#
#......................#
#............).........#
#...........####....(..#
#.........#......#.....#


You could see Gargoyl's ghost.

Vanquished Creatures
  An adder (D:2)
  4 worms
  2 leopard geckos
  2 orcs (D:3)
  9 bats
  2 giant cockroaches
  11 goblins
  8 hobgoblins
  2 quokkas
  2 frilled lizards (D:3)
  4 kobolds
  7 rats
54 creatures vanquished.

Notes
Turn   | Place    | Note
-------+----------+-------------------------------------------
     0 | D:1      | Bsssss the Octopode Assassin began the quest for the Orb.
     0 | D:1      | Reached XP level 1. HP: 14/14 MP: 1/1
   219 | D:1      | Reached XP level 2. HP: 19/19 MP: 2/2
  1012 | D:2      | Reached XP level 3. HP: 24/24 MP: 3/3
  1622 | D:3      | Reached XP level 4. HP: 26/30 MP: 4/4
  1672 | D:3      | Reached skill level 6 in Stealth
  1744 | D:3      | Noticed Gargoyl's ghost (amateur DsAK)
  1944 | D:3      | Found a hazy altar of Hepliaklqana.
  1944 | D:3      | Found a hide-covered altar of Uskayaw.
  1944 | D:3      | Found an ancient bone altar of Kikubaaqudgha.
  2130 | D:3      | Slain by Gargoyl's ghost

Skill      XL: |  1  2  3  4 |
---------------+-------------+-----
Stealth        | 6 |  6.1
Fighting       | |  2.6
Short Blades   | |  2.4
Throwing       | |  2.8
Dodging        | |  1.8

Action                   |  1- 3 |  4- 6 || total
-------------------------+-------+-------++-------
Melee: Dagger            |    72 |    49 ||   121
       Tentacles         |    13 |     9 ||    22
       Constrict         |    17 |     8 ||    25
 Stab: Sleeping          |    12 |     6 ||    18
       Distracted        |       |     1 ||     1
  Eat: Chunk             |     2 |     2 ||     4
Armor: Skin              |     4 |     6 ||    10
Dodge: Dodged            |    30 |    22 ||    52
